 Dungeon Crawl Stone Soup version 0.32-a0-42-ga30500b4d3 (webtiles) character file.

Game seed: 13609284701413793212

39 Newt the Trooper (level 3, -3/24 HPs)
             Began as a Gargoyle Fighter on Jan 31, 2024.
             Incinerated by a bombardier beetle (4 damage)
             ... with a burning spray
             ... on level 3 of the Dungeon.
             The game lasted 00:01:28 (1681 turns).

Newt the Trooper (Gargoyle Fighter)                 Turns: 1681, Time: 00:01:29

Health: -3/24      AC: 11    Str: 21    XL:     3   Next: 45%
Magic:  3/3        EV:  8    Int:  8    God:
Gold:   132        SH:  7    Dex:  9    Spells: 2/2 levels left

rFire   . . .        a - +0 flail
rCold   . . .        m - +0 kite shield
rNeg    + . .        b - +0 scale mail
rPois   ∞            (no helmet)
rElec   +            (no cloak)
rCorr   .            h - +0 pair of gloves
SInv    .            (no boots)
Will    .....        (no amulet) Stlth
                     (no ring)
HPRegen 0.24/turn    (no ring)
MPRegen 0.08/turn

%: no passive effects
@: mighty, on fire, glowing
A: sickness immunity, AC +3, negative energy resistance 1, electricity
resistance, torment resistance 1, petrification resistance
a: no special abilities


You were on level 3 of the Dungeon.
You visited 1 branch of the dungeon, and saw 3 of its levels.

You collected 132 gold pieces.

Inventory:

Hand Weapons
 a - a +0 flail (weapon)
Missiles
 i - 4 poisoned darts (quivered)
Armour
 b - a +0 scale mail (worn)
 c - a +0 buckler
 h - a +0 pair of gloves (worn)
 m - a +0 kite shield (worn)
Scrolls
 f - a scroll of immolation
 l - 2 scrolls of enchant weapon
Potions
 g - a potion of magic
 j - 2 potions of curing {unknown}
 k - a potion of ambrosia {unknown}
 n - a potion of haste {unknown}


   Skills:
 + Level 3.9 Fighting
 * Level 3.2 Maces & Flails
 - Level 3.2 Armour
 - Level 3.2 Shields


You had 2 spell levels left.
You didn't know any spells.
Your spell library was empty.

Dungeon Overview and Level Annotations

Branches:
Dungeon (3/15)

Altars:


Innate Abilities, Weirdness & Mutations

You are immune to sickness and miasma.
Your stone body is resilient. (AC +3)
You are immune to poison.
You resist negative energy. (rN+)
You are resistant to electric shocks. (rElec)
You are resistant to unholy torment.
You are immune to petrification.


Message History

Unknown command.
You hit the bombardier beetle.
The bombardier beetle is lightly wounded.
The liquid fire burns you!
* * * LOW HITPOINT WARNING * * *
The giant cockroach bites you but does no damage.
The bombardier beetle bites you but does no damage.
The giant cockroach bites you but does no damage.
You feel much better. The liquid fire burns you!
You block the bombardier beetle's attack.
The giant cockroach closely misses you.
You feel very mighty all of a sudden. The liquid fire burns you!
The giant cockroach bites you but does no damage.
You barely miss the bombardier beetle.
The bombardier beetle is lightly wounded.
The liquid fire burns you! The giant cockroach closely misses you.
The bombardier beetle sprays incendiary fluid at you.
The burning spray hits you.
You are even more covered in liquid fire!
The giant cockroach bites you but does no damage.
You closely miss the bombardier beetle.
The bombardier beetle is lightly wounded.
The liquid fire burns you!
The giant cockroach bites you but does no damage.
You block the bombardier beetle's attack.
Unknown command.
You sock the bombardier beetle!
The bombardier beetle is heavily wounded.
The liquid fire burns you!
* * * LOW HITPOINT WARNING * * *
The giant cockroach bites you but does no damage.
The bombardier beetle bites you but does no damage.
The giant cockroach barely misses you.
You sock the bombardier beetle!
You kill the bombardier beetle!
The liquid fire burns you!
You die...

#. #..# #.#.^.## #
####......
#..#...#>#.# # ##
###.#.#.#...#.# # .#
#.....#.....#.#.# .#
#........|....# .#
....#...#B#.###
.######+##.#.#.#@..#
....##.....#.###.###
..#.##...........#
#.#.##....#.######
#.#.##....#(#
#.#.....###.#
#.####### #.# #.#
#.# #.. #.#


You could see a giant cockroach.

Vanquished Creatures
  A bombardier beetle (D:3)
  A dart slug (D:1)
  2 ribbon worms (D:2)
  3 bats (D:2)
  6 endoplasms
  3 goblins (D:2)
  4 hobgoblins
  3 kobolds
  A quokka (D:2)
  2 ball pythons
  2 frilled lizards (D:1)
  2 rats (D:2)
30 creatures vanquished.

Notes
Turn   | Place    | Note
-------+----------+-------------------------------------------
     0 | D:1      | Newt the Gargoyle Fighter began the quest for the Orb.
     0 | D:1      | Reached XP level 1. HP: 14/14 MP: 1/1
   244 | D:1      | Reached XP level 2. HP: 18/19 MP: 2/2
   983 | D:2      | Reached XP level 3. HP: 21/24 MP: 3/3
  1680 | D:3      | HP: 1/24 [burnt (7)]
  1681 | D:3      | Incinerated by a bombardier beetle

Illustrated notes

Levels and vault maps discovered:
D:1:      mainiacjoe_arrival_oval_in_oval, layout_basic, grunt_decor_one_mirror,
          minmay_strange_pillars
D:2:      layout_basic, minmay_misc_feat_nine_boxes, minmay_tetromino_l4
D:3:      layout_basic, nicolae_half_adder

Skill      XL: |  1  2 |
---------------+-------+-----
Maces & Flails | 3 |  3.2
Fighting       | |  3.9
Armour         | |  3.2
Shields        | |  3.2

Action                     || total
---------------------------++-------
  Melee: Flail             ||    81
    Use: Scroll            ||     7
         Potion            ||     3
 Armour: Scale mail        ||    49
  Dodge: Dodged            ||    29
  Block: Buckler           ||    15
         Kite shield       ||     6

Table legend: (Time is in decaauts)
 A = Elapsed time spent in this place.
 B = Non-inter-level travel time spent in this place.
 C = Inter-level travel time spent in this place.
 D = Time resting spent in this place.
 E = Time spent auto-exploring this place.
 F = Levels seen in this place.
 G = Mean time per level.
                   A        B        C        D        E       F      G
               +--------+--------+--------+--------+--------+-----+--------+
         Total |   1704 |   1640 |     64 |      0 |   1380 |   3 |  568.0 |
       Dungeon |   1704 |   1640 |     64 |      0 |   1380 |   3 |  568.0 |
               +--------+--------+--------+--------+--------+-----+--------+

Top non-repeatable levels by time:
     D:2: 848 daAuts
     D:1: 754 daAuts
     D:3: 101 daAuts
